 Dungeon Crawl Stone Soup version 0.30.0-16-gbe6223bb7e (webtiles) character file.

Game seed: 5537387043548483214

19 NateTC the Cutter (level 2, -1/20 HPs)
             Began as a Kobold Fighter on May 20, 2023.
             Slain by a gnoll
             ... wielding a +0 whip
              (4 damage)
             ... on level 2 of the Dungeon.
             The game lasted 00:00:31 (1038 turns).

NateTC the Cutter (Kobold Fighter)                  Turns: 1038, Time: 00:00:32

Health: -1/20      AC:  6    Str: 13    XL:     2   Next: 95%
Magic:  2/2        EV: 10    Int:  9    God:
Gold:   118        SH:  4    Dex: 14    Spells: 1/1 levels left

rFire   . . .        a - +0 rapier
rCold   . . .        c - +0 buckler
rNeg    . . .        b - +0 scale mail
rPois   .            (no helmet)
rElec   .            (no cloak)
rCorr   .            (no gloves)
SInv    .            (no boots)
Will    .....        (no amulet)
Stlth   +            (no ring)
HPRegen 0.23/turn    (no ring)
MPRegen 0.08/turn

%: no passive effects
@: no status effects
A: small, no large weapons, nightstalker 3
a: no special abilities


You were on level 2 of the Dungeon.
You visited 1 branch of the dungeon, and saw 2 of its levels.

You collected 118 gold pieces.

Inventory:

Hand Weapons
 a - a +0 rapier (weapon)
Armour
 b - a +0 scale mail (worn)
 c - a +0 buckler (worn)
Scrolls
 e - a scroll of immolation {unknown}
 f - a scroll of identify {unknown}
 g - a scroll of teleportation {unknown}
 k - 3 scrolls of magic mapping {unknown}
 l - a scroll of enchant weapon {unknown}
Potions
 d - a potion of might
 h - a potion of curing {unknown}
 i - a potion of brilliance {unknown}
 j - a potion of haste {unknown}


   Skills:
 + Level 3.6 Fighting
 * Level 3.8 Short Blades
 - Level 2.4 Armour
 - Level 2.4 Shields


You had one spell level left.
You didn't know any spells.
Your spell library was empty.

Dungeon Overview and Level Annotations

Branches:
Dungeon (2/15) Zot: 10957

Altars:


Innate Abilities, Weirdness & Mutations

You are small and have problems with some larger weapons.
You are completely attuned to the shadows.


Message History

No target in view!
A rat comes into view.
Found a leather armour.
A rat is nearby!
The rat bites you but does no damage.
A rat is nearby!
You barely miss the rat. You block the rat's attack.
A rat is nearby!
You hit the rat.
You kill the rat!
An endoplasm comes into view.
An endoplasm is nearby!
You hit the endoplasm.
The endoplasm is severely wounded.
The endoplasm freezes you.
You are frozen.
An endoplasm is nearby!
You hit the endoplasm.
You kill the endoplasm!
k - 3 scrolls labelled TIYFIUCECI (gained 1) 2 gnolls come into view.
The gnoll shouts! x2; You hear a shout! x2
The gnoll hits you with a +0 club.
A gnoll comes into view. It is wielding a +0 whip.
There are monsters nearby!
You barely miss the gnoll. You block the gnoll's attack.
The gnoll hits you but does no damage.
There are monsters nearby!
You closely miss the gnoll. The gnoll barely misses you.
The gnoll hits you with a +0 whip.
There are monsters nearby!
You barely miss the gnoll. The gnoll closely misses you.
The gnoll hits you with a +0 whip.
* * * LOW HITPOINT WARNING * * *
A gnoll comes into view. It is wielding a +0 spear.
The gnoll completely misses you. The gnoll attacks as you move away!
The gnoll hits you with a +0 whip.
* * * LOW HITPOINT WARNING * * *
The gnoll attacks as you move away! The gnoll hits you with a +0 whip.
You die...

###.#.......#
.......####.#
.......## #.#
.####.....#.###
.#
#.##......####.##
..
............... #
.##
#..#...####.#.#
.#
#..###.#.##g...
#........@g...#
.....#.##g#.#
.....#.# ...
.....#.# ##.#
........ ..


You could see 3 gnolls.

Vanquished Creatures
  A dart slug (D:1)
  2 ball pythons (D:1)
  3 endoplasms
  2 goblins
  A hobgoblin (D:1)
  A quokka (D:1)
  2 frilled lizards (D:1)
  A kobold (D:1)
  3 rats
16 creatures vanquished.

Notes
Turn   | Place    | Note
-------+----------+-------------------------------------------
     0 | D:1      | NateTC the Kobold Fighter began the quest for the Orb.
     0 | D:1      | Reached XP level 1. HP: 14/14 MP: 1/1
   364 | D:1      | Reached XP level 2. HP: 17/19 MP: 2/2
   462 | D:1      | Found a faded altar of an unknown god.
  1038 | D:2      | Slain by a gnoll

Illustrated notes

Levels and vault maps discovered:
D:1:      wheals_arrival_shading, layout_loops_ring,
          shapermc_ecumenical_altar_totnotflames
D:2:      layout_basic, basic_altar, minmay_rat_hole

Skill      XL: |  1 |
---------------+----+-----
Short Blades   | 3 |  3.8
Fighting       | |  3.6
Armour         | |  2.4
Shields        | |  2.4

Action                     || total
---------------------------++-------
  Melee: Rapier            ||    54
 Armour: Scale mail        ||    14
  Dodge: Dodged            ||    19
  Block: Buckler           ||    14
